 Dungeon Crawl Stone Soup version 0.18-a0-1347-gb9e2fb4 (webtiles) character file.

909 M4edhros the Insei (level 7, -4/52 HPs)
             Began as a Mummy Monk on Feb 17, 2016.
             Killed by divine providence
             ... invoked by an orc priest
              (12 damage)
             ... on level 7 of the Dungeon.
             The game lasted 00:17:31 (8808 turns).

M4edhros the Insei (Mummy Monk)                     Turns: 8808, Time: 00:17:31

Health: -4/52      AC:  3    Str: 14    XL:     7   Next: 81%
Magic:  7/7        EV: 13    Int:  9    God:
Gold:   239        SH:  0    Dex: 20    Spells: 0 memorised, 6 levels left

rFire  x . .     SeeInvis .       - Unarmed
rCold  + + .     Gourm    .     (no armour)
rNeg   + + +     Faith    .     (no shield)
rPois  ∞         Spirit   .     (no helmet)
rElec  .         Dismiss  .     e - +2 cloak
rCorr  .         Reflect  .     (no gloves)
SustAt .         Harm     .     (no boots)
MR     .....                    (no amulet)
Stlth  +++.......               l - ring of protection from cold
                                c - +3 ring of dexterity

@: not resistant to hostile enchantments, fairly stealthy
A: no food or potions, fire vulnerability, cold resistance 1, negative energy
resistance 3, torment resistance, unbreathing
a: no special abilities


You were on level 7 of the Dungeon.
You were not hungry.

You visited 1 branch of the dungeon, and saw 7 of its levels.

You collected 239 gold pieces.

Inventory:

Armour
 e - a +2 cloak (worn)
Jewellery
 c - a +3 ring of dexterity (left hand)
 j - a cursed amulet of inaccuracy {unknown}
 l - a ring of protection from cold (right hand)
Scrolls
 a - 4 scrolls of remove curse
 d - a scroll of immolation {unknown}
 f - 2 scrolls of magic mapping
 g - a scroll of fog {unknown}
 h - 2 scrolls of amnesia
 i - a scroll of enchant armour
 k - a scroll of enchant weapon {unknown}


   Skills:
 - Level 3.0 Fighting
 - Level 2.4 Dodging
 + Level 4.6 Stealth
 * Level 7.1 Unarmed Combat


You had 6 spell levels left.
You didn't know any spells.

Dungeon Overview and Level Annotations

Branches:
Dungeon (7/15)             Temple (0/1) D:7

Altars:
Dithmenos
Nemelex Xobeh
Trog
Xom
Yredelemnul

Annotations:
D:4 skk's ghost, amateur KoAs
D:5 !sigmund damn it, Dowan; Duvessa; Sigmund
D:6 !centaur, blork, Blork the orc
D:7 !cyan ugly thing and some other shit at once


Innate Abilities, Weirdness & Mutations

You do not eat or drink.
Your flesh is vulnerable to fire.
You are immune to poison.
Your flesh is cold resistant.
You are immune to negative energy.
You are immune to unholy pain and torment.
You can survive without breathing.


Message History

You see here a chain mail.
Found a dagger.
A scorpion comes into view.
Found a stone staircase leading up.
Read which item? (? for menu, Esc to quit)
Okay, then.
Read which item? (? for menu, Esc to quit)
Okay, then.
Read which item? (? for menu, Esc to quit)
As you read the scroll of teleportation, it crumbles to dust.
You feel strangely unstable. The scorpion barely misses you.
A ball python comes into view.
Found a scroll of amnesia.
Your surroundings suddenly seem different.
Found an escape hatch in the ceiling.
Found two stone staircases leading down.
A giant gecko, 3 orcs and an orc priest come into view.
The orc priest mumbles some strange prayers to Beogh against you.
Beogh smites you!
You die...

,,,,****,,* *,**,,*
**,,,**,,** #.***.#
,,,,,,*,** #.* #.#
#,,,,,,,,* #.#*#.#
#,***,,,,* *..*#.#
#,,,,,,,,** *#>##.#
,,,*,,,,,,** #..#.#
##.#,***,,,***#.#.#
...#,,,,,,,,*##o@l#######
#,,,,,*,,,,,,#o.<.......#
#,***,*,***,,#..........#
#.,,,,*,,,,,,#....o.....#
...,,,,,,,,,*#.o........#
...,,,,,,,,**#.........>#
...,,***,,,**#..........#
###*,,,,,,,,,#..........#
# **********############


You could see an orc priest, 3 orcs and a giant gecko (wandering).

Vanquished Creatures
  A centaur (D:5)
  2 ogres
  A giant frog (D:7)
  A scorpion (D:6)
  2 crimson imps (D:5)
  A hound (D:4)
  A quasit (D:6)
  A giant frog skeleton (D:5)
  Jessica (D:2)
  4 worker ants
  A hound skeleton (D:4)
  4 gnolls
  10 adders
  An ooze (D:4)
  3 worms (D:2)
  2 giant geckos
  10 orcs
  8 giant cockroaches
  10 hobgoblins
  3 jackals
  11 kobolds
  2 quokkas
  A ball python (D:2)
  13 bats
  A giant gecko zombie (D:5)
  9 giant newts
  2 gnoll zombies (D:5)
  7 goblins
  17 rats
130 creatures vanquished.

Notes
Turn   | Place    | Note
--------------------------------------------------------------
     0 | D:1      | M4edhros the Mummy Monk began the quest for the Orb.
     0 | D:1      | Reached XP level 1. HP: 18/18 MP: 1/1
   117 | D:1      | Reached XP level 2. HP: 14/24 MP: 2/2
   523 | D:1      | Found a shimmering altar of Xom.
   925 | D:1      | Reached XP level 3. HP: 29/29 MP: 3/3
  1285 | D:2      | Reached skill level 4 in Unarmed Combat
  1591 | D:2      | Found a shadowy altar of Dithmenos.
  1688 | D:2      | Noticed Jessica
  1703 | D:2      | Killed Jessica
  1703 | D:2      | Reached XP level 4. HP: 21/35 MP: 4/4
  2336 | D:2      | Reached XP level 5. HP: 38/41 MP: 5/5
  2697 | D:3      | Found a bloodstained altar of Trog.
  3024 | D:3      | Reached skill level 5 in Unarmed Combat
  3459 | D:4      | Noticed an ogre
  3565 | D:4      | Noticed an ogre
  4417 | D:3      | Reached XP level 6. HP: 11/47 MP: 6/6
  5440 | D:4      | Noticed skk's ghost (amateur KoAs)
  5996 | D:5      | Entered Level 5 of the Dungeon
  6007 | D:5      | Reached skill level 6 in Unarmed Combat
  6022 | D:5      | Reached XP level 7. HP: 23/52 MP: 7/7
  6607 | D:5      | Noticed Duvessa
  6607 | D:5      | Noticed Dowan
  6736 | D:5      | Found a basalt altar of Yredelemnul.
  6839 | D:6      | Noticed Sigmund
  6844 | D:6      | Upgraded the game from 0.18-a0-1343-g48c8f86 to 0.18-a0-1347-gb9e2fb4
  7232 | D:6      | Noticed Blork the orc
  7767 | D:6      | Found a sparkling altar of Nemelex Xobeh.
  8743 | D:7      | Noticed a white ugly thing
  8781 | D:7      | Reached skill level 7 in Unarmed Combat
  8808 | D:7      | Killed from afar by an orc priest

Vault maps used:
D:1:      onia_arrival_larder, minmay_misc_feat_x, minmay_misc_feat_rugged,
          xom_teletrap_fun
D:2:      nicolae_dithmenos_through_a_glass_darkly,
          hangedman_decor_diamond_cutter, kennysheep_generic_room_16,
          uniq_jessica
D:3:      first_bread, bloody_trog
D:5:      lemuel_zombie_altar_yredelemnul, tso_altar, uniq_duvessa
D:6:      nemelex_deck, uniq_menkaure, uniq_sigmund, uniq_blork_the_orc
D:7:      hangedman_cross_stitches, lemuel_round_altar,
          minmay_temple_entry_crystal_x, serial_shops, nicolae_shop_statue_plus

Action                   |  1- 3 |  4- 6 |  7- 9 || total
-------------------------+-------+-------+-------++-------
Melee: Unarmed           |   137 |   317 |   147 ||   601
  Use: Scroll            |       |     1 |     8 ||     9
 Stab: Sleeping          |     8 |     6 |     3 ||    17
       Distracted        |       |     1 |     1 ||     2
